 Dungeon Crawl Stone Soup version 0.21.1-1-g345015f (webtiles) character file.

830 aMcNicky the Chopper (level 7, -2/61 HPs)
             Began as a Minotaur Fighter on Mar 31, 2018.
             Was an Initiate of Qazlal.
             Killed by nerve-wracking pain
             ... invoked by ReniFell's ghost
              (6 damage)
             ... on level 5 of the Dungeon.
             The game lasted 00:09:36 (4191 turns).

aMcNicky the Chopper (Minotaur Fighter)             Turns: 4191, Time: 00:09:37

Health: -2/61      AC:  9    Str: 28    XL:     7   Next: 65%
Magic:  6/6        EV:  7    Int:  5    God:    Qazlal [......]
Gold:   286        SH:  0    Dex:  9    Spells: 6/6 levels left

rFire    . . .     SeeInvis .   a - +1 war axe
rCold    + . .     Gourm    .   c - +1 shield
rNeg     . . .     Faith    .   o - +2 scale mail {rC+}
rPois    .         Spirit   .   (helmet restricted)
rElec    .         Reflect  .   (no cloak)
rCorr    .         Harm     .   x - +0 pair of gloves
MR       .....                  (no boots)
Stlth    ..........             (no amulet)
HPRegen  0.20/turn              t - ring of wizardry
MPRegen  0.10/turn              (no ring)

@: confused, mighty, berserk cooldown, slowed, extremely drained, very slow
A: retaliatory headbutt, horns 2
a: Renounce Religion


You were on level 5 of the Dungeon.
You worshipped Qazlal.
Qazlal was noncommittal.
You were not hungry.

You visited 1 branch of the dungeon, and saw 5 of its levels.

You collected 286 gold pieces.

Inventory:

Hand Weapons
 a - a +1 war axe (weapon)
Armour
 b - a +0 scale mail
 c - a +1 shield (worn)
 o - a +2 scale mail of cold resistance (worn)
 q - a +0 ring mail
 r - a +0 chain mail
 x - a +0 pair of gloves (worn)
Jewellery
 t - a ring of wizardry (left hand)
Wands
 m - a wand of scattershot (2)
Scrolls
 e - 2 scrolls of identify {@r1}
 g - a scroll of noise {unknown}
 h - a scroll of enchant armour
 j - a scroll of fear {unknown}
 k - 3 scrolls of remove curse {@r2}
 s - a scroll of enchant weapon
 w - a scroll of blinking {unknown}
Potions
 d - 2 potions of might
 i - 3 potions of mutation
 l - 2 potions of resistance
 n - 2 potions of curing {@q1}
 p - a potion of flight {unknown}
 u - a potion of magic {unknown}
 z - a potion of agility
Comestibles
 f - 4 rations


   Skills:
 + Level 5.4(0.0) Fighting
 * Level 7.4(0.0) Axes
 + Level 5.3(0.0) Armour
 + Level 6.1(0.0) Shields
 + Level 0.5(0.0) Invocations


You had 6 spell levels left.
You didn't know any spells.

Dungeon Overview and Level Annotations

Branches:
Dungeon (5/15)
 Temple: D:4-7

Altars:
Ashenzari
Dithmenos
Qazlal

Annotations:
D:5 ReniFell's ghost, novice GnNe


Innate Abilities, Weirdness & Mutations

You reflexively headbutt those who attack you in melee.
You have a pair of horns on your head.


Message History

* * * LOW HITPOINT WARNING * * *
You barely miss ReniFell's ghost. You headbutt ReniFell's ghost!
ReniFell's ghost is almost destroyed.
You are no longer berserk.
You are exhausted.
You feel yourself slow down. ReniFell's ghost hits you.
* * * LOW HITPOINT WARNING * * *
You feel drained.
You feel very mighty all of a sudden.
You feel less confused.
ReniFell's ghost hits you but does no damage.
You feel drained.
You closely miss ReniFell's ghost. Your headbutt misses ReniFell's ghost.
ReniFell's ghost is almost destroyed.
ReniFell's ghost hits you but does no damage.
You feel drained. ReniFell's ghost casts a spell at you.
You are confused.
ReniFell's ghost gestures at you while chanting.
Pain shoots through your body!
You die...

#....>......#####...........
#.....#####.................
#.....#.....####............
#.....#.....# #...........(
##.....#..##.## #............
.......#..#...###............
............_................
..###+#.###...#.W#...........
..#.....# ##.##.@#...........
..#.....# #.....#...........
..#.....####....)#...........
..#..........#####..>........
..#....+.....# #...........
..###+##.....# #...........
###.....###### #........
..#.....# #........ ..#.....#
.........


You could see ReniFell's ghost.

Vanquished Creatures
  Grinder (D:4)
  Duvessa (D:5)
  An ice beast (D:5)
  Dowan (D:5)
  A crimson imp (D:5)
  A bullfrog zombie (D:2)
  2 hounds
  An orc priest (D:4)
  2 orc wizards
  A worker ant (D:3)
  2 hound skeletons (D:3)
  4 adders
  A shadow imp (D:5)
  3 oozes
  An adder zombie (D:3)
  An adder skeleton (D:5)
  2 dart slugs (D:2)
  2 leopard geckos
  6 orcs
  A ball python (D:1)
  7 hobgoblins
  9 jackals
  7 bats
  5 frilled lizards
  5 goblins
  8 kobolds
  A quokka skeleton (D:5)
  5 rats
82 creatures vanquished.

Notes
Turn   | Place    | Note
-------+----------+-------------------------------------------
     0 | D:1      | aMcNicky the Minotaur Fighter began the quest for the Orb.
     0 | D:1      | Reached XP level 1. HP: 19/19 MP: 0/0
   188 | D:1      | Reached skill level 3 in Axes
   188 | D:1      | Reached XP level 2. HP: 26/26 MP: 1/1
   484 | D:1      | Reached XP level 3. HP: 30/31 MP: 2/2
   528 | D:1      | You fall through a shaft!
   536 | D:2      | Reached skill level 4 in Axes
  1447 | D:2      | Reached XP level 4. HP: 34/39 MP: 3/3
  1951 | D:3      | Reached skill level 5 in Axes
  2094 | D:3      | Reached XP level 5. HP: 46/46 MP: 4/4
  2466 | D:3      | Reached skill level 5 in Shields
  2719 | D:4      | Reached XP level 6. HP: 52/52 MP: 5/5
  2820 | D:4      | Reached skill level 6 in Axes
  3057 | D:4      | Found a stormy altar of Qazlal.
  3069 | D:4      | Became a worshipper of Qazlal Stormbringer
  3089 | D:4      | Noticed Grinder
  3089 | D:4      | Paralysed by Grinder for 6 turns
  3098 | D:4      | Killed Grinder
  3098 | D:4      | Reached XP level 7. HP: 49/60 MP: 6/6
  3198 | D:4      | Found a shadowy altar of Dithmenos.
  3641 | D:5      | Entered Level 5 of the Dungeon
  3641 | D:5      | Noticed Duvessa
  3641 | D:5      | Noticed Dowan
  3656 | D:5      | Killed Dowan
  3656 | D:5      | Reached skill level 5 in Fighting
  3656 | D:5      | Killed Duvessa
  3656 | D:5      | Reached skill level 7 in Axes
  3656 | D:5      | Reached skill level 5 in Armour
  3907 | D:5      | Found a shattered altar of Ashenzari.
  4107 | D:5      | Noticed ReniFell's ghost (novice GnNe)
  4191 | D:5      | Killed from afar by ReniFell's ghost

Skill      XL: |  1  2  3  4  5  6  7 |
---------------+----------------------+-----
Axes           | 3 4 5 6 7 |  7.4
Shields        | 4 5 6 |  6.1
Fighting       | 4 5 |  5.4
Armour         | 4 5 |  5.3
Invocations    | |  0.5

Action                   |  1- 3 |  4- 6 |  7- 9 || total
-------------------------+-------+-------+-------++-------
Melee: War axe           |    86 |    93 |    86 ||   265
       Headbutt          |    14 |    18 |    13 ||    45
Evoke: Wand              |       |       |     2 ||     2
  Use: Scroll            |       |       |     9 ||     9
       Potion            |       |       |     3 ||     3
  Eat: Chunk             |     2 |     2 |       ||     4
       Ration            |       |     1 |     1 ||     2
Armor: Scale mail        |    36 |    34 |    28 ||    98
       Chain mail        |       |     7 |     9 ||    16
Dodge: Dodged            |    33 |    31 |    16 ||    80
Block: Shield            |    44 |    54 |    37 ||   135
